 Dungeon Crawl Stone Soup version 0.26.1 (webtiles) character file.

Game seed: 7310679548674022363

19933 popper the Cleaver (level 12, 0/108 HPs)
             Began as a Minotaur Fighter on Feb 6, 2021.
             Was the Champion of Zin.
             Slain by a demonic crawler (4 damage)
             ... on level 2 of the Lair of Beasts.
             The game lasted 00:45:09 (12534 turns).

popper the Cleaver (Minotaur Fighter)              Turns: 12534, Time: 00:45:10

Health: 0/108      AC: 14    Str: 26    XL:     12   Next: 40%
Magic:  10/12      EV: 12    Int:  6    God:    Zin [******]
Gold:   490        SH:  0    Dex: 12    Spells: 11/11 levels left

rFire    . . .     SeeInvis .   K - +4 battleaxe (freeze)
rCold    . . .     Faith    .   (shield currently unavailable)
rNeg     . . .     Spirit   .   F - +2 scale mail {rPois}
rPois    ∞         Reflect  .   (helmet restricted)
rElec    .         Harm     .   (no cloak)
rCorr    .         Rampage  .   m - +0 pair of gloves
Will     .....                  I - +1 pair of boots
Stlth    +.........             u - amulet of regeneration
HPRegen  0.68/turn              a - +4 ring of slaying
MPRegen  0.13/turn              (no ring)

@: vitalised
A: retaliatory headbutt, horns 2
a: Renounce Religion, Recite, Vitalisation, Imprison, Sanctuary, Donate Gold


You were on level 2 of the Lair of Beasts.
You worshipped Zin.
Zin was exalted by your worship.
You visited 3 branches of the dungeon, and saw 12 of its levels.

You collected 928 gold pieces.
You spent 302 gold pieces at shops.
You donated 136 gold pieces to Zin.

Inventory:

Hand Weapons
 i - a +4 vorpal hand axe
 D - the +9 hand crossbow "Killer Bee's Bane" {flame, Will- Int+3 Stlth+}
   (You bought it in a shop on level 7 of the Dungeon)

   It causes projectiles fired from it to burn those they strike, causing extra
   injury to most foes and up to half again as much damage against particularly
   susceptible opponents.
   It affects your intelligence (+3).
   It affects your willpower, your defense against some magical effects.
   It makes you more stealthy.
 K - a +4 battleaxe of freezing (weapon)
Missiles
 E - 31 bolts
Armour
 c - a +0 kite shield
 m - a +0 pair of gloves (worn)
 y - the +2 ring mail of Mutualism {rPois Int-3 Dex+2}
   (You took it off a wight on level 7 of the Dungeon)

   It affects your intelligence (-3).
   It affects your dexterity (+2).
   It protects you from poison.
 F - a +2 scale mail of poison resistance (worn)
 I - a +1 pair of boots (worn)
Jewellery
 a - a +4 ring of slaying (left hand)
 l - an uncursed amulet of the acrobat
 u - an amulet of regeneration (around neck)
 z - an uncursed ring of ice
Wands
 b - a wand of acid (10)
 g - a wand of flame (23)
 k - a wand of polymorph (12)
 B - a wand of iceblast (17)
 J - a wand of enslavement (7)
Scrolls
 h - 5 scrolls of enchant armour
 n - 2 scrolls of magic mapping
 p - 4 scrolls of teleportation
 r - 2 scrolls of remove curse
 s - 3 scrolls of identify
 t - a scroll of fear
 v - 2 scrolls of fog
 w - 3 scrolls of blinking
 A - a scroll of enchant weapon
 C - a scroll of amnesia
 G - 2 scrolls of vulnerability
Potions
 d - 2 potions of might
 e - 2 potions of haste
 f - 4 potions of flight
 j - 2 potions of invisibility
 o - a potion of attraction
 q - a potion of magic
 x - 5 potions of curing
 L - 2 potions of ambrosia
 M - a potion of cancellation {unknown}


   Skills:
 + Level 10.6 Fighting
 + Level 11.9 Axes
 + Level 11.6 Crossbows
 + Level 2.3 Throwing
 + Level 10.5 Armour
 + Level 4.8 Dodging
 + Level 2.6 Stealth
 + Level 8.1 Shields
 + Level 1.6 Invocations


You had 11 spell levels left.
You didn't know any spells.
Your spell library contained the following spells:

 Spells                   Type           Power        Failure   Level
 Animate Skeleton         Necr           0%           67%         1
 Apportation              Tloc           0%           67%         1
 Magic Dart               Conj           0%           67%         1
 Pain                     Necr           0%           67%         1
 Blink                    Tloc           N/A          82%         2
 Call Imp                 Summ           0%           82%         2
 Searing Ray              Conj           0%           82%         2
 Slow                     Hex            0%           82%         2
 Conjure Flame            Conj/Fire      0%           96%         3
 Dazzling Flash           Conj/Hex       0%           96%         3
 Lesser Beckoning         Tloc           0%           96%         3
 Mephitic Cloud           Conj/Pois/Air  0%           96%         3
 Tukima's Dance           Hex            0%           96%         3
 Vampiric Draining        Necr           0%           96%         3
 Animate Dead             Necr           0%           100%        4
 Fulminant Prism          Conj/Hex       0%           100%        4
 Iskenderun's Mystic Bla  Conj/Tloc      0%           100%        4
 Agony                    Necr           0%           100%        5
 Alistair's Intoxication  Tmut/Pois      0%           100%        5
 Invisibility             Hex            0%           100%        6


Dungeon Overview and Level Annotations

Branches:
Dungeon (9/15)             Temple (0/1) D:4            Lair (2/6) D:9
 Spider (1/4) Lair:2
  Swamp: Lair:2-4    Shoals: Lair:2-4       Orc: D:9-12

Altars:
Ashenzari
Fedhas
Makhleb
Zin

Shops:
D:7 (

Annotations:
D:6 exclusion: oklob plant


Innate Abilities, Weirdness & Mutations

You reflexively headbutt those who attack you in melee.
You have a pair of horns on your head.


Message History

You climb upwards.
Welcome back to the Lair of Beasts!
There is a hole to the Spider Nest here.
You feel better. The demonic crawler hits you.
* * * LOW HITPOINT WARNING * * *
The demonic crawler hits you but does no damage. x2
The jumping spider pounces on you!
* * * LOW HITPOINT WARNING * * *
The jumping spider bites you but does no damage.
The demonic crawler closely misses you. You furiously retaliate!
You headbutt the demonic crawler! The demonic crawler hits you.
* * * LOW HITPOINT WARNING * * *
The demonic crawler hits you. Zin protects you from harm!
You are too injured to fight recklessly!
Zin grants you divine stamina.
The jumping spider pounces on you but does no damage.
The jumping spider misses you.
The demonic crawler hits you but does no damage.
The demonic crawler closely misses you. The demonic crawler hits you.
You die...

............## #######
##.#.#P#....####### #.#P#.P
#######.....##.#.# ##### ##.....
##.......=..###...# #.#...
#.....###...^^##..####..##.
#P#....###..^^^^#.#.##...#.
###....^^^#...^##..........
##.....^^^s...#..#..##....
#.......^@^..^..P#####.#..
##..^...^s^#....## #..#.
#.....^^^##....### #.### ##
##.....#^##^..^...## #..# .#
#......###^.....#..###.###
.#######...(^.###.(.^............
...............#........P####.###
#..###P####.#.#.###..##.## #.#.#
#### #####...#### ####..# #..##


You could see a demonic crawler and a jumping spider.

Vanquished Creatures
  Jorgrun (Spider:1)
  2 hydras (Lair:2)
  Sonja (Lair:1)
  Pikel (D:6)
  2 wolf spiders
  4 oklob plants (Lair:2)
  An elephant (D:9)
  Psyche (D:9)
  3 cane toads (Lair:2)
  Maggie (D:8)
  A demonic crawler (Lair:2)
  A komodo dragon (Lair:2)
  A rime drake (Lair:2)
  5 jumping spiders (Spider:1)
  4 blink frogs (Lair:2)
  3 redbacks
  A tarantella (Spider:1)
  A wyvern (D:9)
  Eustachio (D:4)
  10 yaks
  2 basilisks
  Grum (D:8)
  Menkaure (D:7)
  3 water moccasins
  An ice beast (D:8)
  4 orc warriors
  A sky beast (D:5)
  3 black bears
  A necrophage (D:5)
  12 wolves
  A phantom (D:8)
  An eye of draining (D:9)
  3 centaurs
  7 ogres
  Blork the orc (D:5)
  5 bullfrogs
  2 scorpions
  18 wights
  3 jellies
  An electric eel (Lair:1)
  3 howler monkeys
  3 hounds (D:8)
  A bullfrog zombie (D:6)
  6 orc priests
  A bullfrog skeleton (D:5)
  5 iguanas
  Ijyb (D:5)
  15 orc wizards
  4 worker ants
  A hound zombie (D:6)
  A hound skeleton (D:6)
  A mummy (D:6)
  A howler monkey zombie (D:6)
  A worker ant zombie (D:7)
  Robin (D:4)
  7 adders
  2 shadow imps
  2 ufetubi
  An ooze (D:2)
  An adder skeleton (D:6)
  An adder zombie (D:5)
  A worm (D:2)
  3 dart slugs
  7 leopard geckos
  55 orcs
  5 giant cockroaches
  17 goblins
  8 hobgoblins
  2 jackals (D:6)
  3 kobolds
  A quokka (D:7)
  5 bats
  6 frilled lizards
  A goblin zombie (D:6)
  A hobgoblin zombie (D:6)
  3 jackal skeletons
  A quokka skeleton (D:5)
  A quokka zombie (D:9)
  10 rats
305 creatures vanquished.

Vanquished Creatures (others)
  A fungus (Lair:2)
  12 plants
13 creatures vanquished.

Grand Total: 318 creatures vanquished

Notes
Turn   | Place    | Note
-------+----------+-------------------------------------------
     0 | D:1      | popper the Minotaur Fighter began the quest for the Orb.
     0 | D:1      | Reached XP level 1. HP: 19/19 MP: 0/0
   139 | D:1      | Reached XP level 2. HP: 27/27 MP: 1/1
  1081 | D:2      | Found a broken altar of Ashenzari.
  1195 | D:2      | Reached XP level 3. HP: 33/33 MP: 2/2
  1208 | D:2      | Found Zin's Purification Station.
  1212 | D:2      | Found a glowing silver altar of Zin.
  1217 | D:2      | Bought a potion of curing for 90 gold pieces
  1220 | D:2      | Became a worshipper of Zin the Law-Giver
  1766 | D:3      | Reached * piety under Zin
  2292 | D:3      | Reached XP level 4. HP: 40/40 MP: 3/3
  2292 | D:3      | Donated 53 gold pieces to Zin
  2513 | D:4      | Noticed an ogre
  2519 | D:4      | Killed an ogre
  2520 | D:4      | Reached XP level 5. HP: 46/46 MP: 4/4
  2534 | D:4      | Noticed an ogre
  2540 | D:4      | Killed an ogre
  2541 | D:4      | Reached skill level 5 in Axes
  2541 | D:4      | Reached skill level 5 in Armour
  2541 | D:4      | Reached skill level 1 in Dodging
  2563 | D:4      | Noticed Robin
  2574 | D:4      | Killed Robin
  2581 | D:4      | Reached XP level 6. HP: 50/53 MP: 5/5
  2629 | D:4      | Noticed Eustachio
  2660 | D:4      | Killed Eustachio
  2661 | D:4      | Reached skill level 5 in Shields
  2677 | D:4      | Reached ** piety under Zin
  3353 | D:4      | Found a staircase to the Ecumenical Temple.
  3388 | D:4      | Reached *** piety under Zin
  3398 | D:4      | Reached XP level 7. HP: 39/60 MP: 6/6
  3577 | D:4      | Found a burning altar of Makhleb.
  3911 | D:5      | Entered Level 5 of the Dungeon
  4033 | D:5      | Reached skill level 5 in Fighting
  4144 | D:5      | Reached skill level 1 in Stealth
  4544 | D:5      | Reached XP level 8. HP: 68/68 MP: 7/7
  4569 | D:5      | Noticed Blork the orc
  4577 | D:5      | Killed Blork the orc
  5119 | D:5      | Noticed Ijyb
  5128 | D:5      | Killed Ijyb
  5370 | D:6      | Reached skill level 1 in Throwing
  5403 | D:6      | Noticed Pikel
  5413 | D:6      | Killed Pikel
  5414 | D:6      | Reached XP level 9. HP: 30/75 MP: 8/8
  6009 | D:6      | Found a blossoming altar of Fedhas.
  6026 | D:6      | Noticed an oklob plant
  6277 | D:6      | Reached **** piety under Zin
  6861 | D:7      | Noticed Menkaure
  6872 | D:7      | Killed Menkaure
  7046 | D:7      | Found Cuos's Antique Weapon Emporium.
  7081 | D:7      | Bought a shimmering hand crossbow for 212 gold pieces
  7089 | D:7      | Identified the +9 hand crossbow "Killer Bee's Bane" {flame,
                  | Will- Int+3 Stlth+} (You bought it in a shop on level 7 of
                  | the Dungeon)
  7133 | D:7      | Reached skill level 10 in Axes
  7571 | D:7      | Identified the +2 ring mail of Mutualism {rPois Int-3
                  | Dex+2}
  7574 | D:7      | Reached skill level 1 in Crossbows
  7576 | D:7      | Reached ***** piety under Zin
  8680 | D:8      | Reached XP level 10. HP: 84/84 MP: 9/9
  8783 | D:8      | Noticed Maggie
  8793 | D:8      | Killed Maggie
  8871 | D:8      | Noticed Grum
  8874 | D:8      | Killed Grum
  9445 | D:9      | Reached skill level 1 in Invocations
  9572 | D:9      | Reached skill level 5 in Crossbows
  9749 | D:9      | Noticed Psyche
  9751 | D:9      | Killed Psyche
  9788 | D:9      | Found a staircase to the Lair.
  9859 | D:9      | Noticed an elephant
  9862 | D:9      | Killed an elephant
  9908 | Lair:1   | Entered Level 1 of the Lair of Beasts
 10123 | Lair:1   | Reached ****** piety under Zin
 10146 | Lair:1   | Reached XP level 11. HP: 94/94 MP: 10/10
 10150 | Lair:1   | Noticed Sonja
 10156 | Lair:1   | Killed Sonja
 10696 | Lair:2   | Found a hole to the Spider Nest.
 10736 | Lair:2   | Reached skill level 10 in Crossbows
 10851 | Lair:2   | Noticed a seven-headed hydra
 10856 | Lair:2   | Killed a seven-headed hydra
 10858 | Lair:2   | Noticed an eight-headed hydra
 10864 | Lair:2   | Killed an eight-headed hydra
 11195 | Lair:2   | Noticed an oklob plant
 11195 | Lair:2   | Noticed an oklob plant
 11211 | Lair:2   | Killed an oklob plant
 11218 | Lair:2   | Killed an oklob plant
 11220 | Lair:2   | Noticed an oklob plant
 11220 | Lair:2   | Noticed an oklob plant
 11401 | Lair:2   | Killed an oklob plant
 11402 | Lair:2   | Reached skill level 10 in Armour
 11479 | Lair:2   | Killed an oklob plant
 11480 | Lair:2   | Reached XP level 12. HP: 78/106 MP: 12/12
 11994 | Spider:1 | Entered Level 1 of the Spider Nest
 11994 | Spider:1 | Noticed Jorgrun
 12009 | Spider:1 | Killed Jorgrun
 12010 | Spider:1 | Reached skill level 10 in Fighting
 12533 | Lair:2   | HP: 4/108 [demonic crawler (4)]
 12533 | Lair:2   | Zin protects you from harm!
 12534 | Lair:2   | Slain by a demonic crawler

Illustrated notes

Levels and vault maps discovered:
D:1:      dpeg_arrival_more_subterranean_lakeside_camping, layout_basic
D:2:      layout_basic, zin_purify, evilmike_ruin_ashenzari
D:3:      layout_basic
D:4:      layout_loops_ring, lightli_temple_of_fire, temple_green, uniq_robin,
          uniq_eustachio
D:5:      layout_basic, minmay_fractal_squares_gapless_5, uniq_blork_the_orc,
          uniq_ijyb
D:6:      layout_rooms, tgw_fedhas, nicolae_ossuary_entry_giza, uniq_pikel
D:7:      layout_layer_cave, serial_shops, shop, uniq_menkaure
D:8:      layout_cave_pods, tso_altar, uniq_maggie, uniq_grum
D:9:      layout_gridville, general_overflow_altar, david_lair_generic,
          uniq_psyche
Lair:1:   statuecave_lemuel, layout_misc_corridors, uniq_sonja
Lair:2:   layout_loops_ring, spider_nest_entry_webs, serial_bayou_shore_b,
          serial_bayou_shore_b, minmay_lair_oklob_chamber
Spider:1: layout_spider_delve, hangedman_spider_tarantella_strand, uniq_jorgrun,
          uniq_asterion

Skill      XL: |  1  2  3  4  5  6  7  8  9 10 11 12 |
---------------+-------------------------------------+-----
Fighting       | 4 5 6 7 9 10 | 10.6
Shields        | 4 5 6 7 8 |  8.1
Axes           | 3 4 5 6 7 9 10 11 | 11.9
Armour         | 4 5 6 7 8 10 | 10.5
Dodging        | 1 2 3 4 |  4.8
Stealth        | 1 2 |  2.6
Throwing       | 2 |  2.3
Crossbows      | 3 8 11 | 11.6
Invocations    | 1 |  1.6

Action                   |  1- 3 |  4- 6 |  7- 9 | 10-12 || total
-------------------------+-------+-------+-------+-------++-------
Melee: War axe           |    28 |       |       |       ||    28
       Headbutt          |    12 |     9 |    49 |    11 ||    81
       Hand axe          |    52 |    68 |   232 |       ||   352
       Battleaxe         |       |       |       |    38 ||    38
 Fire: Hand crossbow     |       |       |    49 |   231 ||   280
Throw: Boomerang         |       |       |    14 |       ||    14
Invok: Donate Gold       |       |     1 |       |       ||     1
       Recite            |       |     1 |       |     1 ||     2
       Vitalisation      |       |       |       |     2 ||     2
  Use: Scroll            |     9 |       |    10 |     6 ||    25
       Potion            |       |     1 |     6 |     4 ||    11
Armor: Scale mail        |    28 |    21 |    66 |    72 ||   187
Dodge: Dodged            |    21 |    53 |    80 |    75 ||   229
Block: Kite shield       |    36 |    40 |   126 |     1 ||   203
